 Dungeon Crawl Stone Soup version 0.27.1-33-g824d729ab1 (webtiles) character file.

Game seed: 9359758795830116718

701 Rhonda the Chopper (level 7, -1/108 HPs)
             Began as an Ogre Berserker on Dec 19, 2021.
             Was a Priest of Trog.
             Slain by Duvessa (9 damage)
             ... on level 4 of the Dungeon.
             The game lasted 00:18:33 (3080 turns).

Rhonda the Chopper (Ogre Berserker)                 Turns: 3080, Time: 00:18:34

Health: -1/108     AC:  3    Str: 23    XL:     7   Next: 66%
Magic:  7/7        EV: 10    Int:  8    God:    Trog [***...]
Gold:   229        SH:  0    Dex:  9    Spells: 6/6 levels left

rFire    . . .     SeeInvis .   a - +1 hand axe
rCold    . . .     Faith    .   (no shield)
rNeg     . . .     Spirit   .   b - +0 animal skin
rPois    .         Reflect  .   (helmet restricted)
rElec    .         Harm     +   f - scarf {harm}
rCorr    .         Rampage  .   (gloves unavailable)
Will     .....                  (boots unavailable)
Stlth    ..........             (no amulet)
HPRegen  0.28/turn              e - ring of wizardry
MPRegen  0.10/turn              (no ring)

@: berserking (expiring), lethally poisoned (-1 -> -6), very quick
A: large, unfitting armour, tough skin 1
a: Renounce Religion, Berserk, Trog's Hand


You were on level 4 of the Dungeon.
You worshipped Trog.
Trog was most pleased with you.
You visited 1 branch of the dungeon, and saw 4 of its levels.

You collected 229 gold pieces.

Inventory:

Hand Weapons
 a - a +1 hand axe (weapon)
 i - a +0 fustibalus
 m - a +0 quarterstaff
Missiles
 d - 20 poisoned darts (quivered)
 j - 5 sling bullets
Armour
 b - a +0 animal skin (worn)
 f - a scarf of harm (worn)
Jewellery
 e - a ring of wizardry (left hand)
Wands
 k - a wand of iceblast (7)
Scrolls
 g - a scroll of noise {unknown}
 h - a scroll of teleportation
 l - a scroll of magic mapping {unknown}
Potions
 c - a potion of cancellation


   Skills:
 + Level 5.2 Fighting
 + Level 5.4 Axes
 + Level 1.4(2.5) Slings
 + Level 4.3(4.5) Throwing
 + Level 3.7 Dodging
 + Level 0.4 Stealth
 + Level 0.7 Unarmed Combat
 + Level 0.4 Evocations


You had 6 spell levels left.
You didn't know any spells.
Your spell library was empty.

Dungeon Overview and Level Annotations

Branches:
Dungeon (4/15)
 Temple: D:4-7

Altars:
Cheibriados

Annotations:
D:4 Dowan, Duvessa


Innate Abilities, Weirdness & Mutations

You are too large for most types of armour.
You have tough skin. (AC +1)


Message History

Reactivating autopickup.
You feel a bit more experienced.
You hit the orc priest.
Dowan shouts!
The orc priest hits you with a +0 war axe.
The orc priest invokes the aid of Beogh against you.
Beogh smites you!
Things that are here:
a +0 dagger; a +0 robe; an orc corpse You slash the orc priest!
You kill the orc priest!
Trog accepts your kill.
Dowan mumbles some strange words.
Dowan blinks!
Duvessa zaps a wand.
The puff of flame hits you!
* * * LOW HITPOINT WARNING * * *
Things that are here:
a +0 war axe; a +0 ring mail You feel a strong urge to attack something.
The orc priest hits you with a +0 flail.
* * * LOW HITPOINT WARNING * * *
You see here a sling bullet.
You closely miss the orc priest.
The orc priest hits you with a +0 flail!
* * * LOW HITPOINT WARNING * * *
You barely miss the orc priest. You slash Duvessa!
Duvessa hits you with a +1 rapier of venom.
* * * LOW HITPOINT WARNING * * *
You are poisoned.
You barely miss the orc priest. You hit Duvessa.
You feel sick.
The orc priest miscasts a cantrip.
Duvessa closely misses you.
You barely miss the orc priest. You hit Duvessa but do no damage.
You hit Dowan.
You feel sick. Dowan hits you with a +0 dagger.
* * * LOW HITPOINT WARNING * * *
The orc priest barely misses you.
You hit the orc priest.
The orc priest is moderately wounded.
You slash Dowan! You hit Duvessa.
You feel sick.
Duvessa hits you with a +1 rapier of venom!
You die...

..#...............##.#.......#.#
##..........###......#.#####.####
.....................#.### #...
............###..#####...###.#.##
............# #.(....<.......#.#
....###.##### ###.############.#
....#...#########.#### #.[.†.#
....#....).)....))...#####.######
#.....e........e@###.##.........#
#'####S........eo# ##.##.####.#
.....#...........# #.#....
.....#..........<# #.######
.....#...........# #.#
.....#........((... #.#
.....###########.######.#
....).....# ##.##.....#
.....####.# #.....#####


You could see Duvessa, Dowan and an orc priest.

Vanquished Creatures
  Menkaure (D:4)
  A water moccasin (D:3)
  A necrophage (D:4)
  A howler monkey (D:4)
  2 hounds (D:4)
  A bullfrog skeleton (D:4)
  An orc priest (D:4)
  3 orc wizards
  Terence (D:3)
  A hound skeleton (D:4)
  3 adders
  An adder skeleton (D:4)
  4 worms
  4 dart slugs
  6 orcs
  7 endoplasms
  8 hobgoblins
  4 jackals
  2 kobolds
  A quokka (D:1)
  9 ball pythons
  2 bats
  5 frilled lizards
  6 goblins
  A jackal skeleton (D:4)
  8 rats
84 creatures vanquished.

Notes
Turn   | Place    | Note
-------+----------+-------------------------------------------
     0 | D:1      | Rhonda the Ogre Berserker began the quest for the Orb.
     0 | D:1      | Reached XP level 1. HP: 24/24 MP: 1/1
   148 | D:1      | Reached XP level 2. HP: 25/32 MP: 2/2
   491 | D:1      | Reached ** piety under Trog
   649 | D:1      | Found a faded altar of an unknown god.
   655 | D:1      | Reached XP level 3. HP: 40/40 MP: 3/3
  1201 | D:2      | Reached skill level 1 in Throwing
  1465 | D:2      | Reached XP level 4. HP: 47/49 MP: 4/4
  1832 | D:3      | Reached XP level 5. HP: 55/55 MP: 5/5
  1944 | D:3      | Found a snail-covered altar of Cheibriados.
  2052 | D:3      | Noticed a water moccasin
  2052 | D:3      | a worm changed into a water moccasin
  2058 | D:3      | Killed a water moccasin
  2059 | D:3      | Reached XP level 6. HP: 65/65 MP: 6/6
  2060 | D:3      | Noticed Terence
  2073 | D:3      | Killed Terence
  2406 | D:4      | Reached skill level 5 in Axes
  2418 | D:4      | Noticed Menkaure
  2428 | D:4      | Killed Menkaure
  2429 | D:4      | Reached skill level 5 in Fighting
  2431 | D:4      | Reached XP level 7. HP: 64/72 MP: 7/7
  2976 | D:4      | Reached *** piety under Trog
  2985 | D:4      | Noticed Dowan
  2985 | D:4      | Noticed Duvessa
  3014 | D:4      | Reached skill level 1 in Slings
  3080 | D:4      | Slain by Duvessa

Illustrated notes

Levels and vault maps discovered:
D:1:      grunt_arrival_lava_bath, layout_basic,
          chequers_ecumenical_altar_simple_redux
D:2:      layout_loops_cross
D:3:      layout_basic, kennysheep_slug_shrine, grunt_ministairs_2,
          serial_bayou_pond_e, uniq_terence
D:4:      layout_basic, uniq_menkaure, uniq_duvessa

Skill      XL: |  1  2  3  4  5  6  7 |
---------------+----------------------+-----
Dodging        | 3 |  3.7
Throwing       | 1 2 3 4 |  4.3
Axes           | 4 5 |  5.4
Fighting       | 5 |  5.2
Slings         | 1 |  1.4
Stealth        | |  0.4
Unarmed Combat | |  0.7
Evocations     | |  0.4

Action                   |  1- 3 |  4- 6 |  7- 9 || total
-------------------------+-------+-------+-------++-------
Melee: Hand axe          |   100 |    48 |    24 ||   172
       Unarmed           |       |    10 |       ||    10
 Fire: Fustibalus        |       |       |    30 ||    30
Throw: Dart              |    31 |    50 |    12 ||    93
       Boomerang         |     6 |     8 |       ||    14
Invok: Berserk           |       |     2 |     2 ||     4
Evoke: Wand              |       |     4 |       ||     4
  Use: Scroll            |     3 |     3 |     1 ||     7
       Potion            |       |     2 |     1 ||     3
Armor: Animal skin       |    26 |     2 |     7 ||    35
       Skin              |       |    12 |       ||    12
Dodge: Dodged            |    47 |    18 |     5 ||    70
